 Dungeon Sprint DCSS version 0.30.1-11-g7821555f0a (webtiles) character file.

Game seed: 6667511506106545458

707 Heoruswealwe the Spear-Bearer (level 7, -7/73 HPs)
             Began as a Minotaur Fighter on Oct 30, 2023.
             Was an Initiate of Gozag.
             Mangled by a shadow (20 damage)
             ... in the Dungeon (Sprint IX: "|||||||||||||||||||||||||||||").
             The game lasted 00:01:18 (171 turns).

Heoruswealwe the Spear-Bearer (Minotaur Fighter)     Turns: 171, Time: 00:01:18

Health: -7/73      AC:  8    Str: 22    XL:     7   Next: 40%
Magic:  6/6        EV: 10    Int:  5    God:    Gozag
Gold:   0          SH:  0    Dex: 10    Spells: 6/6 levels left

rFire   . . .        b - +2 halberd (venom)
rCold   . . .        (shield currently unavailable)
rNeg    . . .        c - +0 scale mail
rPois   .            (helmet restricted)
rElec   .            (no cloak)
rCorr   .            (no gloves)
SInv    .            (no boots)
Will    .....        (no amulet) Stlth
                     (no ring)
HPRegen 0.32/turn    (no ring)
MPRegen 0.10/turn

%: no teleportation
@: gold aura
A: horns 2, retaliatory headbutt
a: Renounce Religion, Potion Petition, Call Merchant, Bribe Branch


You were in the Dungeon.
You worshipped Gozag.
Gozag was noncommittal.
You visited 1 branch

Inventory:

Hand Weapons
 a - a +0 trident
 b - a +2 halberd of venom (weapon)
Armour
 c - a +0 scale mail (worn)
 d - a +0 buckler
Jewellery
 l - a +3 ring of intelligence
 m - a +3 ring of intelligence
Wands
 h - a wand of iceblast (10)
Scrolls
 j - 2 scrolls of blinking
Potions
 e - 4 potions of curing
 f - 3 potions of heal wounds
 g - a potion of haste
 i - a potion of berserk rage
 k - a potion of might


   Skills:
 + Level 10.4 Fighting
 * Level 13.7 Polearms
 + Level 10.4 Armour
 - Level 3.6 Shields


You had 6 spell levels left.
You didn't know any spells.
Your spell library was empty.

Dungeon Overview and Level Annotations

Branches:
Dungeon (1/1)

Altars:
Cheibriados
Dithmenos
Elyvilon
Fedhas
Gozag
Hepliaklqana
Kikubaaqudgha
Makhleb
Nemelex Xobeh
Okawaru
Qazlal
Ru
Sif Muna
Trog
Uskayaw
Vehumet
Wu Jian
Xom
Yredelemnul
Zin
The Shining One
Jiyva
Lugonu


Innate Abilities, Weirdness & Mutations

You have a pair of horns on your head.
You reflexively headbutt those who attack you in melee.


Message History

You barely miss the orc priest. You headbutt the orc priest!
The orc priest is heavily wounded.
The orc priest hits you but does no damage.
You closely miss the orc priest.
The orc priest is heavily wounded.
The orc priest hits you with a +0 club.
You hit the orc priest.
The orc priest is poisoned.
The orc priest is severely wounded.
You hit the orc priest.
The orc priest looks as sick as possible!
The orc priest is severely wounded.
The orc priest hits you but does no damage.
You closely miss the orc priest.
The orc priest is almost dead.
You kill the orc priest!
You closely miss something.
The shadow strikes at you from the darkness!
* * * LOW HITPOINT WARNING * * *
Reactivating autopickup.
You hit the shadow but do no damage.
The shadow is distracted by your dazzling golden aura.
You barely miss the shadow.
The shadow is no longer distracted by gold.
Your headbutt misses the shadow. You hit the shadow but do no damage.
The shadow closely misses you.
You slash the shadow!
You headbutt the shadow, but do no damage.
The shadow is heavily damaged.
The shadow hits you.
You puncture the shadow!
The shadow is almost destroyed.
The shadow slips into darkness.
The shadow flickers and vanishes!
Deactivating autopickup; reactivate with Ctrl-A.
You barely miss something. You miss something. You closely miss something.
Your headbutt misses something.
The shadow strikes at you from the darkness!
You die...
Your body crumbles into a pile of gold.

▓+▓
▓.▓
$
▓.▓
$
▓.▓
$ $
▓.▓
$
▓{▓
$
▓@▓
▓'▓
$
▓.▓
▓.▓
$
▓[▓
▓[▓
$
▓[▓
▓.▓
$
▓)▓
$


There were no monsters in sight!

Vanquished Creatures
  A hornet (D)
  A steam dragon (D)
  An orc warrior (D)
  A centaur (D)
  A phantom (D)
  A scorpion (D)
  A hound (D)
  An orc priest (D)
  An ufetubus (D)
  A dart slug (D)
  A ball python (D)
  An endoplasm (D)
  A goblin (D)
  A hobgoblin (D)
  A jackal (D)
15 creatures vanquished.

Notes
Turn   | Place    | Note
-------+----------+-------------------------------------------
     0 | D        | Heoruswealwe the Minotaur Fighter began the quest for the
                  | Orb.
     0 | D        | Reached XP level 1. HP: 19/19 MP: 0/0
    11 | D        | Reached skill level 3 in Polearms
    20 | D        | Reached skill level 4 in Polearms
    63 | D        | Noticed a phantom
    63 | D        | Noticed a scorpion
    63 | D        | Noticed a hound
    66 | D        | Killed a hound
    67 | D        | Reached skill level 5 in Fighting
    67 | D        | Reached skill level 5 in Polearms
    67 | D        | Reached skill level 5 in Armour
    67 | D        | Reached XP level 2. HP: 29/29 MP: 1/1
    67 | D        | Reached XP level 3. HP: 36/36 MP: 2/2
    69 | D        | Reached skill level 6 in Polearms
    75 | D        | Killed a scorpion
    76 | D        | Reached skill level 7 in Polearms
    76 | D        | Reached XP level 4. HP: 43/45 MP: 3/3
    77 | D        | Reached skill level 8 in Polearms
    82 | D        | Killed a phantom
    83 | D        | Reached skill level 9 in Polearms
    83 | D        | Reached XP level 5. HP: 51/52 MP: 4/4
    89 | D        | Found a snail-covered altar of Cheibriados.
    89 | D        | Found a shadowy altar of Dithmenos.
    89 | D        | Found a white marble altar of Elyvilon.
    89 | D        | Found a blossoming altar of Fedhas.
    89 | D        | Found an opulent altar of Gozag.
    90 | D        | Found a hazy altar of Hepliaklqana.
    91 | D        | Found a viscous altar of Jiyva.
    92 | D        | Found an ancient bone altar of Kikubaaqudgha.
    93 | D        | Found a corrupted altar of Lugonu.
    94 | D        | Found a burning altar of Makhleb.
    95 | D        | Found a sparkling altar of Nemelex Xobeh.
    96 | D        | Found an iron altar of Okawaru.
    97 | D        | Became a worshipper of Gozag Ym Sagoz the Greedy
    98 | D        | Found a stormy altar of Qazlal.
    99 | D        | Found a sacrificial altar of Ru.
   100 | D        | Found a shimmering blue altar of Sif Muna.
   101 | D        | Found a bloodstained altar of Trog.
   102 | D        | Found a hide-covered altar of Uskayaw.
   103 | D        | Found a radiant altar of Vehumet.
   104 | D        | Found an ornate altar of the Wu Jian Council.
   105 | D        | Found a shimmering altar of Xom.
   106 | D        | Found a basalt altar of Yredelemnul.
   107 | D        | Found a glowing silver altar of Zin.
   108 | D        | Found a glowing golden altar of the Shining One.
   139 | D        | Noticed a shadow
   139 | D        | Noticed an orc warrior
   139 | D        | Noticed a steam dragon
   139 | D        | Noticed a hornet
   139 | D        | Noticed a centaur
   142 | D        | Killed a centaur
   143 | D        | Reached skill level 10 in Polearms
   145 | D        | Paralysed by a hornet for 1 turns
   147 | D        | Killed a hornet
   148 | D        | Reached skill level 12 in Polearms
   148 | D        | Reached XP level 6. HP: 36/64 MP: 5/5
   148 | D        | Killed a steam dragon
   149 | D        | Reached skill level 10 in Fighting
   149 | D        | Reached skill level 13 in Polearms
   149 | D        | Reached skill level 10 in Armour
   149 | D        | Reached XP level 7. HP: 41/72 MP: 6/6
   171 | D        | Mangled by a shadow

Illustrated notes

Levels and vault maps discovered:
D:        linesprint [early_d, line_temple, items_1, d_10, items_2, lair_1,
          lair_end, items_3, orc_1, orc_end, items_4, d_15, swamp_1, shoals_1,
          snake_1, spider_1, d_20, vaults_1, items_5, swamp_end, shoals_end,
          snake_end, spider_end, vaults_end, d_27, items_6, zot_1, zot_end,
          crypt_end, forest_end, elf_end, slime_end, tomb_end, abyss_end,
          pan_hell_end]

Skill      XL: |  1  2  3  4  5  6 |
---------------+-------------------+-----
Polearms       | 5 7 9 12 13 | 13.7
Fighting       | 5 6 7 9 10 | 10.4
Armour         | 5 6 7 9 10 | 10.4
Shields        | |  3.6

Action                     |  1- 3 |  4- 6 |  7- 9 || total
---------------------------+-------+-------+-------++-------
  Melee: Trident           |    25 |     7 |       ||    32
         Headbutt          |     2 |     4 |     3 ||     9
         Halberd           |       |     8 |    22 ||    30
    Use: Potion            |     1 |       |       ||     1
 Armour: Scale mail        |     9 |     8 |     4 ||    21
  Dodge: Dodged            |     9 |     5 |     4 ||    18
  Block: Buckler           |     2 |     1 |       ||     3
